TOP OF THE 1ST |
North Carolina Tar Heels batting - Pitching for Notre Dame Fighting Irish : LHP Roy Burke
|
Pitching: LHP Roy Burke
|
|
Batting: LHB Chris Hutchison
|
0-0: Called Strike 0-1: Bunt missed! 0-2: Ball 1-2: Strikes out swinging
|
Batting: SHB Rod Good
|
0-0: Ball 1-0: Ball 2-0: Swinging Strike 2-1: Swinging Strike 2-2: Ball 3-2: Fly out, F8 (Flyball, 8LM)
|
Batting: LHB José Morales
|
0-0: Foul Ball, location: 2F 0-1: Ball 1-1: Foul Ball, location: 2F 1-2: Foul Ball, location: 2F 1-2: Foul Ball, location: 2F 1-2: Ball 2-2: Ball 3-2: Ground out U3 (Groundball, 34)
|
Top of the 1st over - 0 run(s), 0 hit(s), 0 error(s), 0 left on base; North Carolina 0 - Notre Dame 0 |
BOTTOM OF THE 1ST |
Notre Dame Fighting Irish batting - Pitching for North Carolina Tar Heels : RHP António Gamboa
|
Pitching: RHP António Gamboa
|
|
Batting: LHB Matt Moore
|
0-0: Called Strike 0-1: SINGLE (Groundball, 4MD)
|
Batting: LHB Ramón García
|
0-0: SINGLE (Flyball, 8LS) Matt Moore to second
|
Batting: RHB Fred McPhun
|
0-0: Swinging Strike 0-1: Ball 1-1: Called Strike 1-2: Ball 2-2: Foul Ball, location: 2F 2-2: Ball 3-2: Foul Ball, location: 2F 3-2: Foul Ball, location: 2F 3-2: Base on Balls Matt Moore to third Ramón García to second
|
Batting: SHB Carlos Ramírez
|
0-0: Called Strike 0-1: Foul Ball, location: 2F 0-2: Ball 1-2: Fly out, F4 (Line Drive, 4)
|
Batting: RHB Allen Miller
|
0-0: Called Strike 0-1: Swinging Strike 0-2: Foul Ball, location: 2F 0-2: Ball 1-2: Ball 2-2: Ball 3-2: Fly out, F2 (Popup, 15)
|
Batting: RHB Silas Small
|
0-0: Ground out 4-3 (Groundball, 4M)
|
Bottom of the 1st over - 0 run(s), 2 hit(s), 0 error(s), 3 left on base; North Carolina 0 - Notre Dame 0 |
TOP OF THE 2ND |
North Carolina Tar Heels batting - Pitching for Notre Dame Fighting Irish : LHP Roy Burke
|
Batting: RHB Derek Scott
|
0-0: Called Strike 0-1: Ball 1-1: Ground out 6-3 (Groundball, 6)
|
Batting: LHB Will Robinson
|
0-0: Ball 1-0: Ball 2-0: Foul Ball, location: 2F 2-1: Ball 3-1: Base on Balls
|
Batting: RHB Stan Crosby
|
0-0: Ball 1-0: Foul Ball, location: 2F 1-1: Swinging Strike 1-2: Strikes out looking
|
Batting: LHB Joe Spears
|
0-0: Ball 1-0: Ball 2-0: Called Strike 2-1: Called Strike 2-2: Ball Will Robinson is caught stealing 2nd base
|
Top of the 2nd over - 0 run(s), 0 hit(s), 0 error(s), 0 left on base; North Carolina 0 - Notre Dame 0 |
BOTTOM OF THE 2ND |
Notre Dame Fighting Irish batting - Pitching for North Carolina Tar Heels : RHP António Gamboa
|
Batting: RHB Juan Meléndez
|
0-0: Ball 1-0: Foul Ball, location: 2F 1-1: Ball 2-1: Called Strike 2-2: Strikes out swinging
|
Batting: SHB Andre Keeler
|
0-0: DOUBLE (Line Drive, 78S)
|
Batting: RHB Mike Thompson
|
0-0: Ball 1-0: Foul Ball, location: 2F 1-1: Ball 2-1: Called Strike 2-2: Foul Ball, location: 2F 2-2: Strikes out swinging
|
Batting: LHB Matt Moore
|
0-0: Ground out U3 (Groundball, 34)
|
Bottom of the 2nd over - 0 run(s), 1 hit(s), 0 error(s), 1 left on base; North Carolina 0 - Notre Dame 0 |
TOP OF THE 3RD |
North Carolina Tar Heels batting - Pitching for Notre Dame Fighting Irish : LHP Roy Burke
|
Batting: LHB Joe Spears
|
0-0: Foul Ball, location: 2F 0-1: Called Strike 0-2: Ball 1-2: Ball 2-2: Foul Ball, location: 2F 2-2: SINGLE (Line Drive, 8RS)
|
Batting: RHB Jeff Navarro
|
0-0: Ball 1-0: Foul Ball, location: 2F 1-1: Swinging Strike 1-2: Strikes out looking
|
Batting: RHB Mauro Vargas
|
0-0: Fly out, F8 (Flyball, 8RM)
|
Batting: LHB Chris Hutchison
|
Pickoff Throw to First - Error! E1 Joe Spears to second 0-0: Foul Ball, location: 2F 0-1: Foul Ball, location: 2F 0-2: Foul Ball, location: 2F 0-2: Ball 1-2: SINGLE (Groundball, 56D) Joe Spears to third Runner from 3rd tries for Home, SAFE, throw made home Chris Hutchison to second
|
Batting: SHB Rod Good
|
0-0: Called Strike 0-1: Foul Ball, location: 2F 0-2: Strikes out swinging
|
Top of the 3rd over - 1 run(s), 2 hit(s), 1 error(s), 1 left on base; North Carolina 1 - Notre Dame 0 |
BOTTOM OF THE 3RD |
Notre Dame Fighting Irish batting - Pitching for North Carolina Tar Heels : RHP António Gamboa
|
Batting: LHB Ramón García
|
0-0: Called Strike 0-1: Fly out, F8 (Flyball, 8RD)
|
Batting: RHB Fred McPhun
|
0-0: Called Strike 0-1: Ground out U3 (Groundball, 34)
|
Batting: SHB Carlos Ramírez
|
0-0: Ground out 3-1 (Groundball, 34)
|
Bottom of the 3rd over - 0 run(s), 0 hit(s), 0 error(s), 0 left on base; North Carolina 1 - Notre Dame 0 |
TOP OF THE 4TH |
North Carolina Tar Heels batting - Pitching for Notre Dame Fighting Irish : LHP Roy Burke
|
Batting: LHB José Morales
|
0-0: Called Strike 0-1: Ball 1-1: Ball 2-1: Swinging Strike 2-2: Fly out, F8 (Flyball, 8LM)
|
Batting: RHB Derek Scott
|
0-0: Ball 1-0: Foul Ball, location: 2F 1-1: Foul Ball, location: 2F 1-2: Ball 2-2: Ball 3-2: Fly out, F8 (Flyball, 8LM)
|
Batting: LHB Will Robinson
|
0-0: Ball 1-0: Ground out 1-3 (Groundball, 13)
|
Top of the 4th over - 0 run(s), 0 hit(s), 0 error(s), 0 left on base; North Carolina 1 - Notre Dame 0 |
BOTTOM OF THE 4TH |
Notre Dame Fighting Irish batting - Pitching for North Carolina Tar Heels : RHP António Gamboa
|
Batting: RHB Allen Miller
|
0-0: Ground out 6-3 (Groundball, 6)
|
Batting: RHB Silas Small
|
0-0: Ball 1-0: SOLO HOME RUN (Flyball, 78XD), Distance : 371 ft
|
Batting: RHB Juan Meléndez
|
0-0: Called Strike 0-1: DOUBLE (Line Drive, 78D)
|
Batting: SHB Andre Keeler
|
0-0: Ball 1-0: Swinging Strike 1-1: Foul Ball, location: 2F 1-2: Foul Ball, location: 2F 1-2: Strikes out looking
|
Batting: RHB Mike Thompson
|
0-0: Called Strike 0-1: Ball 1-1: Swinging Strike 1-2: Ball 2-2: Ground out 1-3 (Groundball, P)
|
Bottom of the 4th over - 1 run(s), 2 hit(s), 0 error(s), 1 left on base; North Carolina 1 - Notre Dame 1 |
TOP OF THE 5TH |
North Carolina Tar Heels batting - Pitching for Notre Dame Fighting Irish : LHP Roy Burke
|
Batting: RHB Stan Crosby
|
0-0: Ball 1-0: Foul Ball, location: 2F 1-1: Ball 2-1: Ball 3-1: Called Strike 3-2: Foul Ball, location: 2F 3-2: Fly out, F9 (Flyball, 9)
|
Batting: LHB Joe Spears
|
0-0: Ball 1-0: Swinging Strike 1-1: Foul Ball, location: 2F 1-2: Ball 2-2: Strikes out swinging
|
Batting: RHB Jeff Navarro
|
0-0: Ball 1-0: Ball 2-0: Ball 3-0: Called Strike 3-1: Base on Balls
|
Pitching: RHP Steve Benton
|
|
Batting: RHB Mauro Vargas
|
0-0: Ball 1-0: Ball 2-0: Ball 3-0: Called Strike 3-1: Swinging Strike 3-2: Base on Balls Jeff Navarro to second
|
Batting: LHB Chris Hutchison
|
0-0: Reached on error, E5 (Groundball, 5) Jeff Navarro to third Mauro Vargas to second
|
Batting: SHB Rod Good
|
0-0: Called Strike 0-1: Foul Ball, location: 2F 0-2: Foul Ball, location: 2F 0-2: Ground out 4-3 (Groundball, 4S)
|
Top of the 5th over - 0 run(s), 0 hit(s), 1 error(s), 3 left on base; North Carolina 1 - Notre Dame 1 |
BOTTOM OF THE 5TH |
Notre Dame Fighting Irish batting - Pitching for North Carolina Tar Heels : RHP António Gamboa
|
Batting: LHB Matt Moore
|
0-0: Ball 1-0: Called Strike 1-1: Foul Ball, location: 2F 1-2: Strikes out looking
|
Batting: LHB Ramón García
|
0-0: Ball 1-0: Ball 2-0: Ball 3-0: Base on Balls
|
Batting: RHB Fred McPhun
|
0-0: Ball 1-0: Swinging Strike 1-1: Called Strike Ramón García steals 2nd base 1-2: Ball 2-2: Foul Ball, location: 2F 2-2: Ball 3-2: Base on Balls
|
Batting: SHB Carlos Ramírez
|
0-0: Called Strike 0-1: Called Strike 0-2: Ball 1-2: Foul Ball, location: 2F 1-2: Strikes out swinging
|
Batting: RHB Allen Miller
|
0-0: Foul Ball, location: 2F 0-1: Ball 1-1: Called Strike 1-2: Ball 2-2: Fielders Choice at 2nd, U6 (Groundball, 6M)
|
Bottom of the 5th over - 0 run(s), 0 hit(s), 0 error(s), 2 left on base; North Carolina 1 - Notre Dame 1 |
TOP OF THE 6TH |
North Carolina Tar Heels batting - Pitching for Notre Dame Fighting Irish : RHP Steve Benton
|
Batting: LHB José Morales
|
0-0: Fly out, F6 (Popup, 6MD)
|
Batting: RHB Derek Scott
|
0-0: Called Strike 0-1: Ball 1-1: Ball 2-1: Foul Ball, location: 2F 2-2: Ball 3-2: Base on Balls
|
Batting: LHB Will Robinson
|
0-0: Called Strike Derek Scott steals 2nd base 0-1: Ball 1-1: Intentional Walk
|
Batting: RHB Stan Crosby
|
0-0: Ball 1-0: Ball 2-0: Called Strike 2-1: Foul Ball, location: 2F 2-2: Ball 3-2: Base on Balls Derek Scott to third Will Robinson to second
|
Batting: LHB Joe Spears
|
0-0: Ball 1-0: Fly out, F7 (Flyball, 78XD) Runner from 3rd tags up, SCORES, no throw
|
Batting: RHB Jeff Navarro
|
0-0: Ball 1-0: Ball 2-0: Foul Ball, location: 2F 2-1: Ball 3-1: Called Strike 3-2: Foul Ball, location: 2F 3-2: Foul Ball, location: 2F 3-2: Base on Balls Will Robinson to third Stan Crosby to second
|
Batting: RHB Mauro Vargas
|
0-0: Fielders Choice at 2nd, 6-4 (Groundball, 6)
|
Top of the 6th over - 1 run(s), 0 hit(s), 0 error(s), 2 left on base; North Carolina 2 - Notre Dame 1 |
BOTTOM OF THE 6TH |
Notre Dame Fighting Irish batting - Pitching for North Carolina Tar Heels : RHP António Gamboa
|
Pitching: RHP José Martínez
|
|
Batting: RHB Silas Small
|
0-0: Ball 1-0: Fly out, F8 (Flyball, 78XD)
|
Batting: RHB Juan Meléndez
|
0-0: Ball 1-0: Foul Ball, location: 2F 1-1: Ball 2-1: Ball 3-1: SINGLE (Line Drive, 8LS)
|
Batting: SHB Andre Keeler
|
0-0: 2-RUN HOME RUN (Flyball, 9LD), Distance : 328 ft
|
Pitching: RHP Daniel Gibson
|
|
Batting: RHB Mike Thompson
|
0-0: Foul Ball, location: 2F 0-1: Ball 1-1: Ball 2-1: Ball 3-1: Fly out, F8 (Flyball, 8LM)
|
Batting: LHB Matt Moore
|
0-0: Ball 1-0: SINGLE (Flyball, 7LS)
|
Batting: LHB Ramón García
|
0-0: Called Strike 0-1: Ball 1-1: Foul Ball, location: 2F 1-2: Fly out, F8 (Flyball, 8LS)
|
Bottom of the 6th over - 2 run(s), 3 hit(s), 0 error(s), 1 left on base; North Carolina 2 - Notre Dame 3 |
TOP OF THE 7TH |
North Carolina Tar Heels batting - Pitching for Notre Dame Fighting Irish : RHP Steve Benton
|
Batting: LHB Chris Hutchison
|
0-0: Foul Ball, location: 2F 0-1: Swinging Strike 0-2: Ball 1-2: Foul Ball, location: 2F 1-2: Strikes out swinging
|
Batting: SHB Rod Good
|
0-0: Ball 1-0: Swinging Strike 1-1: Ball 2-1: Swinging Strike 2-2: Strikes out swinging
|
Batting: LHB José Morales
|
0-0: Ball 1-0: Called Strike 1-1: Foul Ball, location: 2F 1-2: Ball 2-2: Ball 3-2: Base on Balls
|
Pitching: RHP Manuel Robles
|
|
Batting: RHB Derek Scott
|
0-0: Foul Ball, location: 2F 0-1: Ground out 4-3 (Groundball, 34)
|
Top of the 7th over - 0 run(s), 0 hit(s), 0 error(s), 1 left on base; North Carolina 2 - Notre Dame 3 |
BOTTOM OF THE 7TH |
Notre Dame Fighting Irish batting - Pitching for North Carolina Tar Heels : RHP Daniel Gibson
|
Batting: RHB Fred McPhun
|
0-0: Ball 1-0: Ball 2-0: Ball 3-0: Called Strike 3-1: SINGLE (Line Drive, 34D)
|
Batting: SHB Carlos Ramírez
|
0-0: Swinging Strike 0-1: Ball 1-1: Ball 2-1: Foul Ball, location: 2F 2-2: Ball 3-2: Base on Balls Fred McPhun to second
|
Pinch Runner at 2nd Jackson Smith:
|
|
Batting: RHB Allen Miller
|
0-0: Called Strike 0-1: Ball 1-1: SINGLE (Groundball, 34D) Jackson Smith to third Carlos Ramírez to second Runner from 3rd tries for Home, SAFE, no throw
|
Batting: RHB Silas Small
|
0-0: Fly out, F9 (Line Drive, 9)
|
Batting: RHB Juan Meléndez
|
0-0: Foul Ball, location: 2F 0-1: Ball 1-1: Called Strike 1-2: Fly out, F8 (Line Drive, 8LM)
|
Batting: SHB Andre Keeler
|
0-0: Ball 1-0: Ball 2-0: Fielders Choice at 2nd, 4-6 (Groundball, 4)
|
Bottom of the 7th over - 1 run(s), 2 hit(s), 0 error(s), 1 left on base; North Carolina 2 - Notre Dame 4 |
TOP OF THE 8TH |
North Carolina Tar Heels batting - Pitching for Notre Dame Fighting Irish : RHP Manuel Robles
|
Now in LF: Jackson Smith
|
|
Batting: LHB Will Robinson
|
0-0: Ball 1-0: SINGLE (Popup, 5D)
|
Batting: RHB Stan Crosby
|
0-0: Ball 1-0: Ball 2-0: Ball 3-0: Called Strike 3-1: Base on Balls Will Robinson to second
|
Pitching: LHP John Parker
|
|
Batting: LHB Joe Spears
|
0-0: Bunt missed! 0-1: Ball 1-1: Bunt missed! 1-2: Ball 2-2: Ball 3-2: Ground out 3-1 (Groundball, 23) Will Robinson to third Stan Crosby to second
|
Pitching: RHP Pedro Sendejo
|
|
Batting: RHB Jeff Navarro
|
0-0: Called Strike 0-1: Ball 1-1: Ground out 1-3 (Groundball, P)
|
Pinch Hitting: RHB Salvador Silva
|
0-0: Foul Ball, location: 2F 0-1: Swinging Strike 0-2: Strikes out swinging
|
Top of the 8th over - 0 run(s), 1 hit(s), 0 error(s), 2 left on base; North Carolina 2 - Notre Dame 4 |
BOTTOM OF THE 8TH |
Notre Dame Fighting Irish batting - Pitching for North Carolina Tar Heels : RHP Daniel Gibson
|
Now at 1B: Jeffrey Thomas
|
|
Batting: RHB Mike Thompson
|
0-0: Ball 1-0: Called Strike 1-1: SOLO HOME RUN (Flyball, 7LD), Distance : 335 ft
|
Pitching: RHP James McGookin
|
|
Batting: LHB Matt Moore
|
0-0: Ball 1-0: Called Strike 1-1: Foul Ball, location: 2F 1-2: Foul Ball, location: 2F 1-2: Ball 2-2: Ball 3-2: Foul Ball, location: 2F 3-2: Foul Ball, location: 2F 3-2: Base on Balls
|
Batting: LHB Ramón García
|
0-0: Bunt missed! 0-1: Ball 1-1: Bunt - Flyout! F5
|
Batting: RHB Jackson Smith
|
0-0: Called Strike 0-1: Foul Ball, location: 2F 0-2: Ball 1-2: Ball 2-2: Foul Ball, location: 2F 2-2: Strikes out looking
|
Batting: SHB Carlos Ramírez
|
0-0: Ball Matt Moore steals 2nd base 1-0: Called Strike 1-1: Ball 2-1: Ball 3-1: Foul Ball, location: 2F 3-2: Foul Ball, location: 2F 3-2: Foul Ball, location: 2F 3-2: Base on Balls
|
Batting: RHB Allen Miller
|
0-0: Foul Ball, location: 2F 0-1: Swinging Strike 0-2: Foul Ball, location: 2F 0-2: Foul Ball, location: 2F 0-2: Ball 1-2: Hit by Pitch Matt Moore to third Carlos Ramírez to second
|
Batting: RHB Silas Small
|
0-0: Called Strike 0-1: Ball 1-1: Called Strike 1-2: Strikes out swinging
|
Bottom of the 8th over - 1 run(s), 1 hit(s), 0 error(s), 3 left on base; North Carolina 2 - Notre Dame 5 |
TOP OF THE 9TH |
North Carolina Tar Heels batting - Pitching for Notre Dame Fighting Irish : RHP Pedro Sendejo
|
Pitching: RHP Chris Hamilton
|
|
Batting: LHB Chris Hutchison
|
0-0: Called Strike 0-1: Ball 1-1: Ball 2-1: Called Strike 2-2: Ball 3-2: Base on Balls
|
Batting: SHB Rod Good
|
0-0: SINGLE (Groundball, 34D) Chris Hutchison to second Throwing error, E9 Chris Hutchison scores Rod Good to second
|
Batting: LHB José Morales
|
0-0: Called Strike 0-1: Ball 1-1: Ball 2-1: SINGLE (Line Drive, 6MD) Rod Good to third Runner from 3rd tries for Home, SAFE, throw made home
|
Batting: RHB Derek Scott
|
0-0: Called Strike 0-1: Grounds into double play, 6-4-3 (Groundball, 6MD)
|
Batting: LHB Will Robinson
|
0-0: Ball 1-0: Called Strike 1-1: Foul Ball, location: 2F 1-2: Foul Ball, location: 2F 1-2: Ground out 3-1 (Groundball, 34S)
|
Top of the 9th over - 2 run(s), 2 hit(s), 1 error(s), 0 left on base; North Carolina 4 - Notre Dame 5 |
|